 Dungeon Crawl Stone Soup version 0.30-b1-2-g02819fbbbe (webtiles) character file.

Game seed: 1363208492456416559

8138 LLlMATKO the Fighter (level 11, -2/92 (100) HPs)
             Began as a Minotaur Berserker on May 4, 2023.
             Was a High Priest of Trog.
             Slain by a wight
             ... wielding a +0 battleaxe
              (4 damage)
             ... on level 9 of the Dungeon.
             The game lasted 00:09:58 (10209 turns).

LLlMATKO the Fighter (Minotaur Berserker)          Turns: 10209, Time: 00:09:59

HP:   -2/92 (100)   AC: 15    Str: 23    XL:     11   Next: 6%
MP:   10/10         EV: 12    Int:  4    God:    Trog [*****.]
Gold: 529           SH:  6    Dex: 13    Spells: 10/10 levels left

rFire   + . .        s - +2 hand axe (venom)
rCold   . . .        B - +0 buckler
rNeg    . . .        k - +0 chain mail {Will+}
rPois   .            (helmet restricted)
rElec   .            F - +1 cloak
rCorr   .            K - +0 pair of gloves
SInv    .            (no boots)
Will    +....        (no amulet) Stlth
                     A - ring of flight
HPRegen 0.35/turn    e - ring of protection from fire
MPRegen 0.12/turn

%: no passive effects
@: on berserk cooldown, flying, slowed, drained, very slow
A: horns 2, retaliatory headbutt
a: Renounce Religion, Berserk, Trog's Hand, Brothers in Arms


You were on level 9 of the Dungeon.
You worshipped Trog.
Trog was extremely pleased with you.
You visited 1 branch of the dungeon, and saw 9 of its levels.
You also visited: Bailey.

You collected 529 gold pieces.

Inventory:

Hand Weapons
 s - a +2 hand axe of venom (weapon)
 x - a +0 flail of venom
 H - a +0 heavy war axe
Missiles
 b - 6 boomerangs (quivered)
 y - 17 poisoned darts
Armour
 k - a +0 chain mail of willpower (worn)
 B - a +0 buckler (worn)
 F - a +1 cloak (worn)
 K - a +0 pair of gloves (worn)
Jewellery
 e - a ring of protection from fire (right hand)
 j - a ring of ice
 A - a ring of flight (left hand)
 C - a +6 ring of strength
 D - a ring of fire
 L - a ring of ice
Wands
 a - a wand of iceblast (5)
 w - a wand of digging (3)
 I - a wand of mindburst (19)
 J - a wand of paralysis (11)
 M - a wand of flame (10)
Scrolls
 c - 5 scrolls of identify
 h - 2 scrolls of acquirement
 l - a scroll of fog
 m - 4 scrolls of noise
 n - 3 scrolls of brand weapon
 o - a scroll of immolation
 v - 3 scrolls of magic mapping
 z - 3 scrolls of teleportation {unknown}
 G - a scroll of enchant armour {unknown}
Potions
 d - a potion of degeneration {unknown}
 f - a potion of flight {unknown}
 g - 2 potions of curing
 i - 3 potions of attraction {unknown}
 p - 3 potions of haste {unknown}
 r - a potion of berserk rage {unknown}
 t - a potion of ambrosia {unknown}
 u - a potion of brilliance {unknown}
 E - a potion of lignification {unknown}


   Skills:
 + Level 10.3 Fighting
 + Level 10.3 Axes
 + Level 10.0 Armour
 + Level 9.2 Dodging
 + Level 7.1 Shields


You had 10 spell levels left.
You didn't know any spells.
Your spell library was empty.

Dungeon Overview and Level Annotations

Branches:
Dungeon (9/15)             Temple (0/1) D:5            Lair (0/5) D:9
    Orc (0/2) D:9          Bailey (visited)

Altars:
Kikubaaqudgha
Makhleb

Shops:
D:5 ?(?:=


Innate Abilities, Weirdness & Mutations

You have a pair of horns on your head.
You reflexively headbutt those who attack you in melee.


Message History

The troll closely misses you. The wight barely misses you.
Unknown command.
You hit the troll.
The troll looks as sick as possible!
Your headbutt misses the troll.
The troll is almost dead.
Unknown command.
You barely miss the troll. You headbutt the troll.
You kill the troll!
Trog accepts your kill.
The wight hits you from afar with a +3 trident.
* * * LOW HITPOINT WARNING * * *
Your Armour skill increases to level 10!
Unknown command.
The wight barely misses you. You furiously retaliate!
You headbutt the wight! You slash the wight!
You destroy the wight!
Trog accepts your kill.
A wight comes into view. It is wielding a +0 battleaxe.
Things that are here:
a +3 trident; a +0 robe You feel a strong urge to attack something.
You are no longer berserk.
You are exhausted.
You feel yourself slow down. The wight hits you but does no damage.
You barely miss the wight. The wight hits you but does no damage.
You slash the wight! Your headbutt misses the wight.
The wight is severely damaged.
You block the wight's attack.
You hit the wight but do no damage.
The wight is severely damaged.
You block the wight's attack.
You closely miss the wight.
The wight is severely damaged.
The wight hits you with a +0 battleaxe!
* * * LOW HITPOINT WARNING * * *
The wight hits you with a +0 battleaxe!
* * * LOW HITPOINT WARNING * * *
You feel drained.
You die...

.............*,,,,,,,,*,,,,,,,*
...8...>...8..........#,*****,*
......................#,* *,*
.............#........#,*****,*
..#.[.......##........#,,,,,,,*
'##.........##..>.....#,,,,,,,*
,,#.........##........#,,,,,,,*
..#....8....##........#,,,,,,,*
..####...####...@z....#,,,,,,,*
......................#,,,,,,,*
.......#..............#,,,,,,,*
######.#.....)........+,,,,,,,*
######.#...)..........#,,,,,,,*
.......###...#+....####,***,,,*
...#####...#.....#...,,,,,,,,,*
...#.......##...##...#,,,,,,,,*
##.#.......#*#.##*....,,,,,,,,*


You could see a wight.

Vanquished Creatures
  An orc high priest (Bailey)
  3 orc knights (Bailey)
  Maggie (D:7)
  An unseen horror (D:6)
  A kobold demonologist (Bailey)
  A troll (D:9)
  Grinder (D:3)
  Sigmund (D:5)
  3 shadows (D:9)
  2 wyverns
  A two-headed ogre zombie (D:9)
  Duvessa (D:5)
  A black bear (D:8)
  2 ice beasts
  2 ogres
  9 orc warriors
  A centaur (D:9)
  3 phantoms
  A kobold brigand (D:8)
  3 scorpions
  2 bullfrogs (D:7)
  A gnoll sergeant (D:8)
  2 wights (D:9)
  Dowan (D:5)
  A troll zombie (D:9)
  4 killer bees (D:8)
  5 electric eels (Bailey)
  A howler monkey (D:5)
  2 hounds
  3 gnoll boudas
  5 orc priests
  Crazy Yiuf (D:5)
  5 iguanas
  4 sleepcaps
  6 orc wizards
  4 ogre zombies (D:9)
  25 gnolls
  9 adders
  A shadow imp (D:7)
  A white imp (D:5)
  2 ufetubi
  3 worms
  3 dart slugs
  34 orcs
  5 bats
  5 endoplasms
  5 giant cockroaches
  15 goblins
  13 hobgoblins
  3 jackals (D:2)
  14 kobolds
  4 quokkas
  8 ball pythons
  5 frilled lizards
  4 goblin skeletons (D:9)
  2 hobgoblin zombies (D:9)
  An orc skeleton (D:9)
  9 orc zombies (D:9)
  5 rats
262 creatures vanquished.

Notes
Turn   | Place    | Note
-------+----------+-------------------------------------------
     0 | D:1      | LLlMATKO the Minotaur Berserker began the quest for the
                  | Orb.
     0 | D:1      | Reached XP level 1. HP: 19/19 MP: 0/0
   167 | D:1      | Reached XP level 2. HP: 27/27 MP: 1/1
   242 | D:1      | Reached XP level 3. HP: 33/33 MP: 2/2
   466 | D:1      | Reached ** piety under Trog
   754 | D:1      | Found an ancient bone altar of Kikubaaqudgha.
  1488 | D:2      | Reached XP level 4. HP: 35/41 MP: 3/3
  1645 | D:3      | Found a faded altar of an unknown god.
  1650 | D:3      | Noticed Grinder
  1660 | D:3      | Paralysed by Grinder for 5 turns
  1674 | D:3      | Paralysed by Grinder for 2 turns
  1677 | D:3      | Killed Grinder
  1678 | D:3      | Reached skill level 5 in Fighting
  1678 | D:3      | Reached skill level 5 in Axes
  1678 | D:3      | Reached XP level 5. HP: 6/48 MP: 4/4
  1678 | D:3      | Reached XP level 6. HP: 7/56 MP: 5/5
  1928 | D:3      | Found a burning altar of Makhleb.
  2471 | D:3      | Found a faded altar of an unknown god.
  2737 | D:3      | Found a burning altar of Makhleb.
  3221 | D:4      | Reached skill level 5 in Armour
  3280 | D:4      | Reached XP level 7. HP: 61/61 MP: 6/6
  3475 | D:4      | Reached skill level 5 in Dodging
  4301 | D:5      | Entered Level 5 of the Dungeon
  4368 | D:5      | Found Suowkach's Antique Weapon Shoppe.
  4384 | D:5      | Found Wismokk's Book Boutique.
  4418 | D:5      | Reached XP level 8. HP: 71/71 MP: 7/7
  4420 | D:5      | Found Opaquysch's Jewellery Shoppe.
  4467 | D:5      | Noticed Dowan
  4468 | D:5      | Noticed Duvessa
  4475 | D:5      | Killed Duvessa
  4477 | D:5      | Reached *** piety under Trog
  4480 | D:5      | Killed Dowan
  4749 | D:5      | Found a runed translucent door.
  4750 | D:5      | Noticed Crazy Yiuf
  4773 | D:5      | Found a staircase to the Ecumenical Temple.
  4797 | D:5      | Noticed Sigmund
  4809 | D:5      | Killed Sigmund
  4976 | D:5      | Found Istras's Magic Scroll Shop.
  5037 | D:5      | Found Woax's Magic Scroll Emporium.
  5340 | D:5      | Killed Crazy Yiuf
  5498 | D:6      | Reached skill level 1 in Shields
  5768 | D:6      | Killed an unseen horror
  5769 | D:6      | Reached XP level 9. HP: 13/81 MP: 8/8
  6146 | D:6      | Identified the +1 dagger "Hydraslayer" {holy, rPois rF+
                  | Str+3 Dex+2}
  6775 | D:7      | Noticed Maggie
  6792 | D:7      | Killed Maggie
  8347 | D:8      | Reached **** piety under Trog
  8419 | D:8      | Identified the +1 robe of the Sacrificial Victim {rN+ Str+4
                  | Int+4}
  8822 | D:9      | Reached skill level 5 in Shields
  8839 | D:9      | Reached XP level 10. HP: 88/91 MP: 9/9
  8850 | D:9      | Found a flagged portal.
  8864 | Bailey   | Entered a bailey
  9201 | Bailey   | Noticed an orc knight
  9211 | Bailey   | Killed an orc knight
  9438 | Bailey   | Found an iron altar of Okawaru.
  9438 | Bailey   | Noticed an orc knight
  9438 | Bailey   | Noticed an orc high priest
  9442 | Bailey   | Noticed an orange demon
  9448 | Bailey   | Killed an orc high priest
  9457 | Bailey   | Killed an orc knight
  9812 | Bailey   | Noticed an orc knight
  9831 | Bailey   | Killed an orc knight
  9832 | Bailey   | Reached skill level 10 in Fighting
  9832 | Bailey   | Reached skill level 10 in Axes
 10048 | D:9      | Found a staircase to the Lair.
 10080 | D:9      | Found a staircase to the Orcish Mines.
 10084 | D:9      | Reached ***** piety under Trog
 10097 | D:9      | Reached XP level 11. HP: 97/100 MP: 10/10
 10200 | D:9      | Reached skill level 10 in Armour
 10209 | D:9      | HP: 2/94 [wight/+0 battleaxe (8)]
 10209 | D:9      | Slain by a wight

Illustrated notes

Levels and vault maps discovered:
D:1:      dpeg_arrival_lava_altar, layout_loops_ring, minmay_pentomino_w2
D:2:      layout_loops_ring, chequers_serial_rivers_marsh, kennysheep_path_1
D:3:      layout_loops_ring, lemuel_doored_altar,
          dreamdust_ecumenical_altar_statues, uniq_grinder
D:4:      layout_cave_pools
D:5:      layout_gridville, minmay_temple_entry_hall, serial_shops,
          kennysheep_little_box, nicolae_shop_tiny_glass,
          nicolae_shop_real_fake_doors, nicolae_shop_rolled_up, shop,
          uniq_crazy_yiuf_cottage, uniq_sigmund, uniq_duvessa
D:6:      layout_gridville, eino_small_chamber_without_monster,
          dk_rats_in_the_wall
D:7:      layout_loops_ring, minmay_misc_feat_tiny, nrook_pool_corridor,
          minmay_liquid_box, kennysheep_generic_room_6, uniq_maggie
D:8:      layout_basic
D:9:      layout_stronghold, lair_entry_dummy, zombieorc2_lemuel,
          enter_bailey_4, kb_rosetta

Skill      XL: |  1  2  3  4  5  6  7  8  9 10 11 |
---------------+----------------------------------+-----
Fighting       | 4 5 6 7 9 10 | 10.3
Axes           | 4 5 6 7 9 10 | 10.3
Armour         | 3 4 5 6 7 8 9 10 | 10.0
Dodging        | 3 4 5 6 7 9 |  9.2
Shields        | 2 5 7 |  7.1

Action                     |  1- 3 |  4- 6 |  7- 9 | 10-12 || total
---------------------------+-------+-------+-------+-------++-------
  Melee: Hand axe          |    82 |    96 |    84 |   189 ||   451
         Headbutt          |    11 |    22 |    57 |    37 ||   127
         Flail             |       |       |    93 |       ||    93
         War axe           |       |       |   130 |       ||   130
 Invoke: Berserk           |       |     4 |     7 |     4 ||    15
    Use: Scroll            |       |       |     8 |       ||     8
   Stab: Sleeping          |       |     1 |       |       ||     1
 Armour: Animal skin       |    18 |     2 |       |       ||    20
         Scale mail        |       |    18 |    86 |       ||   104
         Chain mail        |       |       |    16 |    39 ||    55
  Dodge: Dodged            |    56 |    57 |   166 |    58 ||   337
  Block: Buckler           |       |       |    34 |    29 ||    63
